 Dungeon Crawl Stone Soup version 0.21-a0-84-g85d6d27 (console) character file.

143480 removed the Devastator (level 16, 138/138 HPs)
             Began as a Demigod Conjurer on June 18, 2017.
             Quit the game on level 1 of the Spider Nest on June 24, 2017.
             The game lasted 02:00:49 (39848 turns).

removed the Devastator (Demigod Conjurer)          Turns: 39848, Time: 02:00:50

Health: 138/138    AC:  8    Str: 19    XL:     16   Next: 30%
Magic:  46/46      EV: 22    Int: 36    God:
Gold:   1355       SH:  0    Dex: 20    Spells: 6/39 levels left

rFire    + + .     SeeInvis .   a - +8 demon trident (drain)
rCold    . . .     Gourm    .   (no shield)
rNeg     . . .     Faith    .   z - +2 robe {rC+}
rPois    +         Spirit   .   Y - +0 helmet {Int+3}
rElec    +         Reflect  .   m - scarf {repulsion}
rCorr    .         Harm     .   H - +1 pair of gloves
MR       +....                  F - +0 pair of boots
Stlth    ++........             W - amulet of magic regeneration
HPRegen  0.33/turn              R - ring "Anicorgh" {Str+8 Int+4 Dex+4}
MPRegen  0.55/turn              i - ring of Reimbursement {rElec rPois rF++ rC- MP+9}

@: repel missiles
A: high mp 1
a: no special abilities


You were on level 1 of the Spider Nest.
You were very hungry.

You visited 4 branches of the dungeon, and saw 25 of its levels.
You also visited: Ossuary, Bailey and Ice Cave.

You collected 3525 gold pieces.
You spent 2170 gold pieces at shops.

Inventory:

Hand Weapons
 a - a +8 demon trident of draining (weapon)
 b - a +1 blowgun
 g - a +5 falchion of freezing
Missiles
 y - 63 poisoned needles
 X - 7 throwing nets (quivered)
Armour
 m - a scarf of repulsion (worn)
 z - a +2 robe of cold resistance (worn)
 F - a +0 pair of boots (worn)
 H - a +1 pair of gloves (worn)
 Y - a +0 helmet of intelligence (worn)
Jewellery
 i - the ring of Reimbursement (right hand) {rElec rPois rF++ rC- MP+9}
   (You bought it in a shop on level 4 of the Dungeon)

   [ring of magical power]

   It greatly protects you from fire.
   It makes you vulnerable to cold.
   It insulates you from electricity.
   It protects you from poison.
   It affects your magic capacity (+9).
 o - an uncursed ring of ice
 I - an uncursed ring of protection from cold
 P - an uncursed ring of magical power
 R - the ring "Anicorgh" (left hand) {Str+8 Int+4 Dex+4}
   (You bought it in a shop on level 4 of the Dungeon)

   [ring of intelligence]

   It affects your strength (+8).
   It affects your intelligence (+4).
   It affects your dexterity (+4).
 W - an amulet of magic regeneration (around neck)
Wands
 q - a wand of lightning (2/15)
 x - a wand of iceblast (8/15)
 C - a wand of disintegration (13/24)
 J - a wand of iceblast (10/15)
 L - a wand of disintegration (18/24)
 M - a wand of paralysis (14/24)
 S - a wand of acid (6/15)
Scrolls
 d - 2 scrolls of remove curse
 t - 6 scrolls of teleportation
 A - 4 scrolls of magic mapping
 D - a scroll of acquirement
 K - 3 scrolls of identify
 Q - a scroll of recharging
 T - 2 scrolls of amnesia
 U - 7 scrolls of fog
Potions
 f - 10 potions of agility
 h - a potion of invisibility
 j - 16 potions of curing
 k - 5 potions of flight
 l - 3 potions of might
 n - a potion of brilliance
 p - 3 potions of mutation
 B - 2 potions of ambrosia
 E - 2 potions of cancellation
 G - 3 potions of heal wounds
 N - a potion of berserk rage
 O - 2 potions of magic
 Z - 6 potions of haste
Books
 w - a book of Flames

   Spells                             Type                      Level
   a - Flame Tongue                   Conjuration/Fire             1
   b - Throw Flame                    Conjuration/Fire             2
   c - Conjure Flame                  Conjuration/Fire             3
   d - Inner Flame                    Hexes/Fire                   3
   e - Sticky Flame                   Conjuration/Fire             4
   f - Fireball                       Conjuration/Fire             5
 V - a book of Ice

   Spells                             Type                      Level
   a - Ice Form                       Ice/Transmutation            4
   b - Metabolic Englaciation         Hexes/Ice                    5
   c - Ozocubu's Refrigeration        Ice                          6
   d - Bolt of Cold                   Conjuration/Ice              6
   e - Freezing Cloud                 Conjuration/Ice/Air          6
   f - Simulacrum                     Ice/Necromancy               6
Comestibles
 c - 13 bread rations
 s - 15 meat rations
 u - 10 fruits
 v - 8 royal jellies


   Skills:
 - Level 11.4 Fighting
 + Level 7.9 Polearms
 - Level 11.5 Dodging
 - Level 1.7 Stealth
 - Level 12.0 Spellcasting
 - Level 15.0 Conjurations
 - Level 4.0 Necromancy
 - Level 10.0 Ice Magic


You had 6 spell levels left.
You knew the following spells:

 Your Spells              Type           Power        Failure   Level  Hunger
a - Iskenderun's Mystic   Conj           #######.     1%          4    None
b - Searing Ray           Conj           ######       0%          2    None
c - Bolt of Cold          Conj/Ice       #######...   1%          6    ###....
d - Fulminant Prism       Conj/Hex       ######....   1%          4    None
e - Regeneration          Chrm/Necr      #####.....   2%          3    None
f - Freezing Cloud        Conj/Ice/Air   ######....   10%         6    ###....
g - Bolt of Draining      Conj/Necr      ######....   1%          5    None
h - Magic Dart            Conj           ####         0%          1    None
B - Sublimation of Blood  Necr           ######....   1%          2    None


Dungeon Overview and Level Annotations

Branches:
Dungeon (15/15)            Temple (0/1) D:4            Lair (6/6) D:9
 Shoals (0/4) Lair:3       Spider (2/4) Lair:3        Slime (0/5) Lair:6
    Orc (2/2) D:9             Elf (0/3) Orc:2        Vaults (0/5) D:14
 Depths (0/5) D:15

Shops:
D:4 =   D:7 !   D:9 [   D:12 %   Orc:2 :[**

Annotations:
D:14 exclusion: downstairs
D:15 exclusion: Roxanne, Roxanne
Lair:2 exclusion: oklob plant
Lair:4 exclusion: 3 oklob plants
Lair:6 exclusion: oklob plant


Innate Abilities, Weirdness & Mutations

You have an increased reservoir of magic. (+10% MP)


Message History

The orb of energy explodes!
The demonic crawler closely misses you. The demonic crawler misses you.
The demonic crawler barely misses you.
Unknown command.
Casting: Iskenderun's Mystic Blast
Confirm with . or Enter, or press ? or * to list all spells.
Aiming: Iskenderun's Mystic Blast
Press: ? - help, Shift-Dir - straight line, f/p - demonic crawler
Aim: a demonic crawler (almost dead)
The orb of energy hits the demonic crawler.
You kill the demonic crawler!
You start resting.
Magic restored.
You start resting.
You are feeling very hungry.
You start resting.
HP restored.
Saving game... please wait.
Welcome back, removed the Demigod Conjurer.
Press ? for a list of commands and other information.
Are you sure you want to abandon this character and quit the game? (Confirm with "yes".)

##.........##.....##...###
#.........####..####.##
##.>........###### ###
#............##
##.....#......#
###....#.....#
##....#...####
#...#....#[.#
#....@......#
##..........#
###.....(....#
#≈≈#.≈.......###
##≈≈≈≈≈≈≈≈.....#
#≈≈≈≈≈≈≈≈.....#
#≈≈≈≈≈≈≈≈.....##
##≈≈≈≈≈≈≈......## #
#≈≈≈≈≈≈≈≈.....#.# #


There were no monsters in sight!

Vanquished Creatures
  3 emperor scorpions
  Louise (D:15)
  2 entropy weavers (Spider:2)
  A dire elephant (D:15)
  Nessos (D:14)
  Fannar (Lair:3)
  Harold (Orc:1)
  12 hydras
  2 centaur warriors
  A catoblepas (Lair:5)
  Erica (D:11)
  12 two-headed ogres
  12 death yaks
  5 tengu warriors
  7 orc high priests
  The ghost of melvinkitnick the Grappler, a novice DrMo of Makhleb (D:9)
  2 unseen horrors (D:15)
  8 orb spiders
  2 lindwurms (Lair:6)
  A necromancer (D:14)
  6 orc knights
  4 orc sorcerers
  An oklob plant (Lair:3)
  5 ugly things
  6 cyclopes
  15 wolf spiders
  A salamander (D:15)
  6 black mambas
  2 manticores
  20 spiny frogs
  An ice statue (IceCv)
  15 elephants
  A gargoyle (D:10)
  A torpor snail (Lair:6)
  A kobold demonologist (Bailey)
  6 rime drakes
  An efreet (D:13)
  10 demonic crawlers
  10 komodo dragons
  A tengu conjurer (D:9)
  7 trolls
  19 jumping spiders
  10 polar bears
  5 hornets
  9 dream sheep
  18 blink frogs
  2 raiju (Lair:6)
  Prince Ribbit (D:7)
  3 slime creatures (D:12)
  4 hippogriffs
  21 tarantellas
  A centaur simulacrum (D:15)
  A wraith (D:11)
  41 redbacks
  35 yaks
  A vampire (D:11)
  5 wyverns
  5 basilisks
  3 hungry ghosts
  4 vampire mosquitoes (D:14)
  8 wargs
  7 soldier ants (Spider:2)
  An acid dragon (D:15)
  13 hell hounds (Lair:6)
  20 water moccasins
  4 porcupines
  A hornet zombie (D:7)
  10 ice beasts
  4 sky beasts
  54 orc warriors
  14 black bears
  A phantom (D:9)
  An eye of draining (D:8)
  2 necrophages
  12 ogres
  21 wolves
  7 centaurs
  11 crocodiles
  2 big kobolds
  An elf zombie (Ossuary)
  20 bullfrogs
  A wyvern zombie (D:11)
  2 wyvern skeletons
  2 scorpions
  10 killer bees
  10 wights
  12 electric eels
  3 howler monkeys
  A lava snake (Lair:4)
  A bullfrog zombie (D:12)
  5 crimson imps
  5 jellies
  5 quasits
  6 centaur zombies
  A human zombie (Ossuary)
  2 hounds
  28 orc wizards
  35 orc priests
  A bullfrog skeleton (D:13)
  3 centaur skeletons
  An iron imp (D:12)
  5 iguanas
  Terence (D:3)
  A hell rat (Lair:6)
  27 worker ants
  2 mummies (Ossuary)
  Robin (D:3)
  A howler monkey zombie (D:5)
  A howler monkey skeleton (D:6)
  10 gnolls
  6 adders
  8 shadow imps
  2 adder zombies
  An adder skeleton (D:4)
  4 worms
  5 leopard geckos
  130 orcs
  3 bats
  6 giant cockroaches
  22 goblins
  20 hobgoblins
  5 quokkas
  6 frilled lizards
  A goblin zombie (Ossuary)
  9 hobgoblin zombies
  A jackal zombie (Ossuary)
  15 kobolds
  9 kobold zombies (Ossuary)
  A leopard gecko skeleton (D:6)
  A leopard gecko zombie (D:6)
  8 orc zombies (Ossuary)
  4 rats
  3 rat zombies (Ossuary)
  3 fungi (Lair:6)
1054 creatures vanquished.

Vanquished Creatures (others)
  A bush (Lair:6)
  15 fulminant prisms
  17 fungi
  50 plants
83 creatures vanquished.

Grand Total: 1137 creatures vanquished

Notes
Turn   | Place    | Note
-------+----------+-------------------------------------------
     0 | D:1      | removed the Demigod Conjurer began the quest for the Orb.
     0 | D:1      | Reached XP level 1. HP: 14/14 MP: 5/5
   332 | D:1      | Reached skill level 4 in Conjurations
   383 | D:1      | Found a glowing golden altar of the Shining One.
   585 | D:1      | Reached XP level 2. HP: 20/20 MP: 5/7
   828 | D:2      | Noticed an air elemental
   830 | D:2      | Found a stormy altar of Qazlal.
   831 | D:2      | Noticed a water elemental
   831 | D:2      | Noticed an earth elemental
   831 | D:2      | Noticed a fire elemental
   921 | D:2      | Found an iron altar of Okawaru.
  1749 | D:3      | Reached XP level 3. HP: 17/26 MP: 6/8
  1803 | D:3      | Learned a level 2 spell: Searing Ray
  1910 | D:3      | Reached skill level 5 in Conjurations
  1975 | D:3      | Noticed Robin
  2047 | D:3      | Killed Robin
  2119 | D:3      | Reached XP level 4. HP: 33/33 MP: 6/9
  2240 | D:3      | Noticed Terence
  2250 | D:3      | Killed Terence
  2478 | D:4      | You fall through a shaft for 3 floors!
  2497 | D:6      | Noticed a bullfrog
  2501 | D:6      | Killed a bullfrog
  2501 | D:6      | Reached skill level 6 in Conjurations
  2501 | D:6      | Reached XP level 5. HP: 31/38 MP: 5/10
  2573 | D:6      | Found a glowing silver altar of Zin.
  2623 | D:5      | Entered Level 5 of the Dungeon
  2636 | D:5      | Found an opulent altar of Gozag.
  3203 | D:4      | Reached XP level 6. HP: 45/45 MP: 6/11
  3298 | D:4      | Found a staircase to the Ecumenical Temple.
  3347 | D:4      | Reached skill level 7 in Conjurations
  3787 | D:4      | Found a shadowy altar of Dithmenos.
  3977 | D:4      | Found Weychisa's Jewellery Boutique.
  4332 | D:5      | Got an encrusted buckler
  4346 | D:5      | Identified the cursed +0 buckler "Tojomen" {rElec Str+3} (You found it on level 5 of the Dungeon)
  4359 | D:5      | Reached XP level 7. HP: 50/50 MP: 2/16
  4543 | D:5      | Found a sparkling altar of Nemelex Xobeh.
  5042 | D:5      | Learned a level 4 spell: Iskenderun's Mystic Blast
  5311 | D:5      | Reached skill level 5 in Spellcasting
  6062 | D:6      | Reached skill level 8 in Conjurations
  6062 | D:6      | Reached XP level 8. HP: 57/57 MP: 12/19
  6732 | D:6      | Reached skill level 9 in Conjurations
  7232 | D:7      | Found a white marble altar of Elyvilon.
  7512 | D:7      | You fall through a shaft for 2 floors!
  7597 | D:8      | Reached skill level 10 in Conjurations
  7622 | D:8      | Reached skill level 1 in Fighting
  7919 | D:8      | Found a shimmering altar of Xom.
  7954 | D:8      | Found a sand-covered staircase.
  7959 | D:8      | Reached XP level 9. HP: 32/70 MP: 16/20
  7972 | Ossuary  | Entered an ossuary
  8557 | D:8      | Found a blossoming altar of Fedhas.
  8558 | D:8      | Found an ancient bone altar of Kikubaaqudgha.
  9008 | D:7      | Found Uwaf's Distillery.
  9317 | D:7      | Noticed Prince Ribbit
  9327 | D:7      | Killed Prince Ribbit
 10318 | D:9      | Found a staircase to the Orcish Mines.
 10342 | D:8      | Reached XP level 10. HP: 75/80 MP: 7/24
 10468 | D:9      | Found a basalt altar of Yredelemnul.
 10563 | D:9      | Noticed a two-headed ogre
 10704 | D:9      | Noticed a tengu warrior
 10735 | D:8      | Killed a tengu warrior
 10735 | D:8      | Reached skill level 11 in Conjurations
 11315 | D:9      | Found a snail-covered altar of Cheibriados.
 11578 | D:9      | Noticed melvinkitnick's ghost (novice DrMo)
 11769 | D:9      | Found an ornate altar of the Wu Jian Council.
 11774 | D:9      | Killed a two-headed ogre
 11774 | D:9      | Reached skill level 12 in Conjurations
 11850 | D:9      | Found Tuziph's Antique Armour Shoppe.
 11880 | D:9      | Bought a glowing robe for 92 gold pieces
 11978 | D:9      | Noticed a death yak
 11988 | D:9      | Noticed a death yak
 12009 | D:9      | Noticed a death yak
 12138 | D:8      | Learned a level 4 spell: Fulminant Prism
 12518 | D:9      | Noticed a death yak
 12591 | D:9      | Found a staircase to the Lair.
 12600 | Lair:1   | Entered Level 1 of the Lair of Beasts
 13022 | Lair:1   | Reached skill level 5 in Fighting
 13022 | Lair:1   | Reached skill level 5 in Dodging
 13441 | Lair:1   | Reached XP level 11. HP: 80/86 MP: 10/27
 13951 | Lair:1   | Noticed a four-headed hydra
 13960 | Lair:1   | Killed a four-headed hydra
 14458 | Lair:2   | Reached skill level 13 in Conjurations
 15195 | Lair:2   | Reached skill level 14 in Conjurations
 15488 | Lair:2   | Learned a level 5 spell: Bolt of Draining
 15689 | Lair:2   | Noticed an eight-headed hydra
 15697 | Lair:2   | Killed an eight-headed hydra
 16239 | D:4      | Bought the ring of Reimbursement {rElec rPois rF++ rC- MP+9} for 487 gold pieces
 16353 | D:8      | Noticed a two-headed ogre
 16355 | D:8      | Killed a two-headed ogre
 16417 | D:8      | Killed a death yak
 16562 | D:9      | Noticed a death yak
 16567 | D:9      | Noticed a death yak
 16574 | D:9      | Killed a death yak
 16574 | D:9      | Killed a death yak
 16574 | D:9      | Reached XP level 12. HP: 94/94 MP: 15/30
 16692 | D:9      | Killed melvinkitnick's ghost
 16692 | D:9      | Reached skill level 10 in Spellcasting
 17105 | D:10     | Entered Level 10 of the Dungeon
 17252 | D:10     | Learned a level 3 spell: Regeneration
 17450 | D:10     | Reached skill level 1 in Necromancy
 17938 | D:11     | Noticed Erica
 17941 | D:11     | Killed Erica
 18616 | D:11     | Got a pitted ring mail
 18796 | D:11     | Identified the +1 ring mail of Lyjes {rElec Dex+2} (You found it on level 11 of the Dungeon)
 19090 | Lair:3   | Noticed Fannar
 19102 | Lair:3   | Killed Fannar
 19664 | Lair:3   | Found a staircase to the Shoals.
 19915 | Lair:3   | Noticed a four-headed hydra
 19920 | Lair:3   | Killed a four-headed hydra
 20112 | Lair:3   | Found a hole to the Spider Nest.
 20115 | Lair:3   | Noticed a four-headed hydra
 20119 | Lair:3   | Killed a four-headed hydra
 20652 | Lair:4   | Found a frozen archway.
 20655 | Lair:4   | Reached XP level 13. HP: 105/105 MP: 28/31
 20674 | Lair:4   | Learned a level 2 spell: Sublimation of Blood
 20675 | IceCv    | Entered an ice cave
 20925 | IceCv    | Found a transporter.
 21090 | Lair:4   | Reached skill level 15 in Conjurations
 22944 | Lair:6   | Entered Level 6 of the Lair of Beasts
 24226 | Lair:6   | Found a staircase to the Slime Pits.
 24402 | Lair:6   | Reached XP level 14. HP: 109/115 MP: 15/35
 26222 | Lair:6   | Reached skill level 10 in Fighting
 26222 | Lair:6   | Reached skill level 10 in Dodging
 26758 | D:12     | Found a flagged portal.
 26766 | Bailey   | Entered a bailey
 26945 | Bailey   | Found an iron altar of Okawaru.
 27893 | D:12     | Found Zaitoy's Food Shoppe.
 28585 | Orc:1    | Entered Level 1 of the Orcish Mines
 28989 | Orc:2    | Entered Level 2 of the Orcish Mines
 29152 | Orc:2    | Found Hyili's Assorted Antiques.
 29161 | Orc:2    | Bought a fizzy purple potion for 24 gold pieces
 29234 | Orc:1    | Found a roughly hewn altar of Beogh.
 29474 | Orc:1    | Noticed Harold
 29479 | Orc:1    | Killed Harold
 29585 | Orc:1    | Found a bloodstained altar of Trog.
 29771 | Orc:2    | Found a roughly hewn altar of Beogh.
 29969 | Orc:2    | Found a staircase to the Elven Halls.
 30843 | Orc:2    | Reached XP level 15. HP: 121/130 MP: 6/36
 31157 | Orc:2    | Found Cunk's Book Emporium.
 31203 | Orc:2    | Found Hucapluxe's General Store.
 31203 | Orc:2    | Found Moig's Armour Shoppe.
 31204 | Orc:2    | Found Tidonuaw's Armour Emporium.
 31413 | Orc:2    | Upgraded the game from 0.21-a0-70-g32e1473 to 0.21-a0-72-gbbb65ab
 31515 | Orc:2    | Bought a book of Ice for 975 gold pieces
 31522 | Orc:2    | Learned a level 6 spell: Bolt of Cold
 31529 | Orc:2    | Learned a level 6 spell: Freezing Cloud
 31791 | D:4      | Bought the ring "Anicorgh" {Str+8 Int+4 Dex+4} for 592 gold pieces
 31996 | D:12     | Reached skill level 1 in Ice Magic
 33061 | D:14     | Reached skill level 5 in Ice Magic
 33093 | D:14     | Found a gate to the Vaults.
 33346 | D:14     | Noticed Nessos
 33356 | D:14     | Killed Nessos
 33966 | D:15     | Entered Level 15 of the Dungeon
 33972 | D:15     | Noticed Louise
 34017 | D:15     | Killed Louise
 34209 | D:15     | Noticed Roxanne
 34492 | D:15     | Found a blossoming altar of Fedhas.
 34561 | D:15     | Reached skill level 1 in Polearms
 35155 | D:15     | Found a staircase to the Depths.
 35262 | D:15     | Got a dazzling hunting sling
 35263 | D:15     | Identified the +6 hunting sling "Foukh" {freeze, *Slow +Fly rElec Int+4} (You found it on level 15 of the Dungeon)
 35276 | D:15     | Upgraded the game from 0.21-a0-72-gbbb65ab to 0.21-a0-81-gc5150db
 35541 | Spider:1 | Entered Level 1 of the Spider Nest
 36799 | Spider:1 | Reached skill level 5 in Polearms
 37491 | Spider:1 | Upgraded the game from 0.21-a0-81-gc5150db to 0.21-a0-84-g85d6d27
 37516 | Spider:2 | Reached XP level 16. HP: 134/138 MP: 8/37
 38780 | Spider:2 | Reached skill level 10 in Ice Magic
 39848 | Spider:1 | Quit the game

Vault maps used:
D:1:      roderic_crop_circles_arrival_small, tso_metal_star
D:2:      okawaru_ov_weapons_minmay, lightli_temple_of_fire, first_bread,
          serial_forest, infiniplex_forest_clump_large,
          infiniplex_forest_clump_medium, infiniplex_forest_lined_2,
          infiniplex_forest_clump_small, infiniplex_forest_clump_long,
          infiniplex_forest_fountain, infiniplex_forest_lined_1,
          mrwooster_statue_mirror, nicolae_qazlal_style_of_elements
D:3:      uniq_robin, uniq_terence
D:4:      nicolae_dithmenos_the_darkroom, minmay_temple_entry_junction_2,
          serial_shops, nicolae_shop_temple_entry_statues_fountains
D:5:      nemelex_xobeh_ov_fountains_minmay, nicolae_gozag_seed_capital
D:6:      old_standard_altar
D:7:      kennysheep_mini, serial_shops, shop, corexii_leaking_fountain,
          uniq_prince_ribbit1
D:8:      grunt_temple_overflow_growth_and_decay, overflow_temple_1_default,
          enter_ossuary_3
D:9:      slow_altar_1, lemuel_crystal_altar, dpeg_lair_monsters, david_orc_2,
          serial_shops, nicolae_shop_behind_doors, yredelemnul_altar_generic
D:11:     uniq_erica
D:12:     serial_shops, shop, enter_bailey_3
D:13:     grunt_ogre_cave
D:14:     david_vaults_1, nicolae_wwwww, uniq_nessos
D:15:     hangedman_depths_entry_try_elsewhere_first, fedhas_altar_4,
          uniq_roxanne, uniq_louise
Lair:1:   grunt_megastairs_3
Lair:2:   infiniplex_staircase_pool_2, minmay_lair_oklob_chamber
Lair:3:   shoals_dummy_entry, nicolae_spider_entry_non_spiders, serial_bayou,
          serial_bayou_lagoon_b, serial_bayou_ford_a, serial_bayou_pond_c,
          serial_bayou_shore_b, dpeg_stationary_puzzle, uniq_fannar
Lair:4:   portal_ice_cave_rime, dpeg_oklob_1
Lair:5:   serial_bayou_lagoon_a, minivault_26, grunt_megastairs_2
Lair:6:   hangedman_lair_in_review, hangedman_lair_caniforms_friends,
          minmay_slime_entry_oklob_open, serial_bayou_shore_a
Spider:2: spider_trap, zaba_antful_of_joy
Orc:1:    basic_altar, trog_hazing_becter, uniq_harold
Orc:2:    st_orc_pillars, serial_shops,
          nicolae_shop_competitors_out_of_business, mines2_david
Ossuary:  ossuary_tomb_1
Bailey:   bailey_axe_of_yendor_kennysheep, bailey
IceCv:    ice_cave_statue_garden_teleport

Skill      XL: |  1  2  3  4  5  6  7  8  9 10 11 12 13 14 15 16 |
---------------+-------------------------------------------------+-----
Conjurations   | 4 5 6 7 8 10 12 14 15 | 15.0
Spellcasting   | 4 5 7 8 9 10 12 | 12.0
Fighting       | 3 4 5 7 8 11 | 11.4
Dodging        | 4 5 7 8 11 | 11.5
Necromancy     | 4 |  4.0
Ice Magic      | 9 10 | 10.0
Polearms       | 5 7 |  7.9
Stealth        | |  1.7

Action                   |  1- 3 |  4- 6 |  7- 9 | 10-12 | 13-15 | 16-18 || total
-------------------------+-------+-------+-------+-------+-------+-------++-------
Melee: Unarmed           |     5 |       |       |       |       |       ||     5
       Falchion          |       |     3 |    33 |    64 |    35 |       ||   135
       Demon trident     |       |       |       |       |     5 |    92 ||    97
 Fire: Blowgun           |    15 |    33 |    39 |    11 |       |       ||    98
Throw: Throwing net      |       |       |     1 |       |       |       ||     1
 Cast: Magic Dart        |    87 |    63 |   129 |   197 |    13 |       ||   489
       Searing Ray       |       |    12 |    60 |    21 |       |       ||    93
       Iskenderun's Myst |       |       |    40 |   264 |   859 |    30 ||  1193
       Fulminant Prism   |       |       |       |    15 |       |       ||    15
       Bolt of Draining  |       |       |       |    19 |   115 |       ||   134
       Regeneration      |       |       |       |       |     8 |       ||     8
       Bolt of Cold      |       |       |       |       |    85 |    57 ||   142
       Freezing Cloud    |       |       |       |       |     1 |     5 ||     6
Evoke: Wand              |       |       |       |     3 |     1 |       ||     4
  Use: Scroll            |       |     8 |     4 |    15 |    13 |       ||    40
       Potion            |       |       |       |       |     2 |       ||     2
  Eat: Chunk             |     5 |     7 |    15 |    37 |    52 |     4 ||   120
       Fruit             |       |       |     2 |       |     2 |     1 ||     5
       Royal jelly       |       |       |     1 |     1 |     1 |       ||     3
       Bread ration      |       |       |     1 |     1 |     3 |     1 ||     6
       Meat ration       |       |       |       |       |       |     1 ||     1
Armor: Robe              |     1 |    10 |    46 |    38 |    80 |    30 ||   205
       Leather armour    |       |       |     4 |     7 |       |       ||    11
Dodge: Dodged            |    11 |    24 |   105 |   160 |   399 |   197 ||   896
       Deflected         |       |       |       |     2 |    23 |       ||    25
Block: Buckler           |       |       |    32 |    17 |       |       ||    49
       Rpst.: Falchion   |       |       |    18 |    51 |    61 |       ||   130
